 Dungeon Crawl Stone Soup version 0.19.5 (webtiles) character file.

147 abbott299 the Chopper (level 5, -1/45 HPs)
             Began as a Minotaur Fighter on Apr 16, 2017.
             Slain by a scorpion (8 damage)
             ... on level 2 of the Dungeon.
             The game lasted 00:07:14 (1849 turns).

abbott299 the Chopper (Minotaur Fighter)            Turns: 1849, Time: 00:07:14

Health: -1/45      AC:  6    Str: 22    XL:     5   Next: 7%
Magic:  4/4        EV:  7    Int:  5    God:
Gold:   163        SH:  9    Dex:  9    Spells: 0 memorised, 4 levels left

rFire  . . .     SeeInvis .     a - +0 war axe
rCold  . . .     Gourm    .     x - +0 scale mail
rNeg   . . .     Faith    .     c - +0 shield
rPois  .         Spirit   .     (helmet restricted)
rElec  .         Reflect  .     (no cloak)
rCorr  .         Harm     .     (no gloves)
MR     .....                    (no boots)
Stlth  +.........               (no amulet)
                                (no ring)
                                B - ring of stealth

@: no status effects
A: retaliatory headbutt, horns 2
a: no special abilities


You were on level 2 of the Dungeon.
You were very hungry.

You visited 1 branch of the dungeon, and saw 5 of its levels.

You collected 163 gold pieces.

Inventory:

Hand Weapons
 a - a +0 war axe (weapon)
 b - a +0 hunting sling
Missiles
 y - 34 stones (quivered)
Armour
 c - a +0 shield (worn)
 k - a +0 plate armour
 x - a +0 scale mail (worn)
Jewellery
 B - a ring of stealth (left hand)
Wands
 o - a wand of lightning (2/15)
Scrolls
 d - 4 scrolls of identify {unknown}
 e - 3 scrolls of remove curse {unknown}
 g - a scroll of recharging {unknown}
 r - a scroll of immolation {unknown}
 s - a scroll of noise {unknown}
 t - a scroll of enchant armour {unknown}
 A - a scroll of amnesia {unknown}
Potions
 i - a potion of magic {unknown}
 j - a potion of flight
 m - 2 potions of cancellation {unknown}
 n - a potion of cure mutation
 p - a potion of degeneration {unknown}
 u - a potion of curing
 v - a potion of heal wounds {unknown}
 w - a potion of mutation {unknown}
 z - a potion of brilliance {unknown}
Comestibles
 f - 3 bread rations
 h - 4 fruits
 l - a slice of pizza
 q - 2 meat rations


   Skills:
 - Level 3.6 Fighting
 + Level 6.4 Axes
 - Level 3.6 Armour
 - Level 3.6 Shields


You had 4 spell levels left.
You didn't know any spells.

Dungeon Overview and Level Annotations

Branches:
Dungeon (5/15)
 Temple: D:4-7

Altars:


Innate Abilities, Weirdness & Mutations

You reflexively headbutt those who attack you in melee.
You have a pair of horns on your head.


Message History

That beam is likely to hit you.
Continue anyway?
Okay, then.
Evoke which item? (* to show all) (? for menu, Esc to quit)
Zapping:
o - a wand of lightning (will waste charges)
Press: ? - help, Shift-Dir - straight line, f - scorpion
Aim: a scorpion That beam is likely to hit you.
Continue anyway?
Okay, then.
You hit the scorpion.
The scorpion is lightly wounded.
The scorpion stings you.
* * * LOW HITPOINT WARNING * * *
You hit the scorpion.
The scorpion is lightly wounded.
The scorpion stings you.
* * * LOW HITPOINT WARNING * * *
You slash the scorpion! Your headbutt misses the scorpion.
The scorpion is heavily wounded.
The scorpion stings you!
You die...

..####..##.# #...#..............
...>##.###.####.###.#.##.........
.....#.# #.##.........###.#......
.......###.......##.#####.#......
.............##.###.# #..........
........#..###..##..###.#.#......
...>[#.....###.###.###..#.#.#####
#.......##.##..###.# #.##.#.# #
#.##...###.##.##@s.###.##.#.# #
#.....##...##.##.####.<##.#.# ###
..##......###.#.......###.#># #..
.####.###..##...#....## #...# #..
## #.# ##.....##....# #..## #..
#.# ####........# #..# ##.. #.#
#..###....# #..###...
###.######..###....# #..#.....
#......##....##....####....####


You could see a scorpion.

Vanquished Creatures
  A bullfrog skeleton (D:3)
  Terence (D:2)
  4 adders
  2 worms
  3 dart slugs
  2 leopard geckos (D:2)
  A giant cockroach (D:2)
  7 goblins
  8 hobgoblins
  2 quokkas
  A ball python (D:1)
  2 bats
  8 frilled lizards
  2 kobolds
  3 rats
47 creatures vanquished.

Notes
Turn   | Place    | Note
-------+----------+-------------------------------------------
     0 | D:1      | abbott299 the Minotaur Fighter began the quest for the Orb.
     0 | D:1      | Reached XP level 1. HP: 19/19 MP: 0/0
   181 | D:1      | Reached skill level 3 in Axes
   231 | D:1      | Reached XP level 2. HP: 26/26 MP: 1/1
   640 | D:2      | Reached skill level 4 in Axes
   641 | D:2      | Reached XP level 3. HP: 25/31 MP: 2/2
   661 | D:2      | Noticed Terence
   669 | D:2      | Killed Terence
   669 | D:2      | Reached skill level 5 in Axes
   678 | D:2      | Reached XP level 4. HP: 29/39 MP: 3/3
  1448 | D:3      | Reached skill level 6 in Axes
  1452 | D:4      | Noticed an ogre
  1688 | D:3      | Reached XP level 5. HP: 45/45 MP: 4/4
  1771 | D:5      | Entered Level 5 of the Dungeon
  1802 | D:4      | HP: 2/45 [poisoned by a scorpion]
  1849 | D:2      | Slain by a scorpion

Skill      XL: |  1  2  3  4 |
---------------+-------------+-----
Axes           | 3 4 5 6 |  6.4
Fighting       | |  3.6
Armour         | |  3.6
Shields        | |  3.6

Action                   |  1- 3 |  4- 6 || total
-------------------------+-------+-------++-------
Melee: War axe           |    55 |    70 ||   125
       Headbutt          |     8 |    11 ||    19
  Use: Potion            |     1 |     3 ||     4
  Eat: Chunk             |       |     2 ||     2
Armor: Scale mail        |    27 |    18 ||    45
Dodge: Dodged            |    18 |    17 ||    35
Block: Shield            |    37 |    23 ||    60
